 Dungeon Crawl Stone Soup version 0.18.1-2-ga659475 (webtiles) character file.

1549 Kenran the Basher (level 8, -7/74 HPs)
             Began as a Minotaur Berserker on May 8, 2016.
             Was an Elder of Trog.
             Mangled by an ogre
             ... wielding a cursed -1 giant club
              (22 damage)
             ... on level 5 of the Dungeon.
             The game lasted 00:08:58 (5313 turns).

Kenran the Basher (Minotaur Berserker)              Turns: 5313, Time: 00:08:59

Health: -7/74      AC:  9    Str: 23    XL:     8   Next: 57%
Magic:  7/7        EV:  8    Int:  6    God:    Trog [****..]
Gold:   181        SH:  0    Dex: 11    Spells: 0 memorised, 7 levels left

rFire  . . .     SeeInvis .     a - +0 mace
rCold  . . .     Gourm    .     o - +0 chain mail
rNeg   . . .     Faith    .     (no shield)
rPois  .         Spirit   .     (helmet restricted)
rElec  .         Dismiss  .     (no cloak)
rCorr  .         Reflect  .     p - +0 pair of gloves
SustAt .         Harm     .     (no boots)
MR     .....                    (no amulet)
Stlth  ..........               (no ring)
                                m - +2 ring of intelligence

@: not resistant to hostile enchantments, extremely unstealthy
A: retaliatory headbutt, horns 2
a: Berserk, Trog's Hand, Brothers in Arms, Burn Spellbooks, Renounce Religion


You were on level 5 of the Dungeon.
You worshipped Trog.
Trog was greatly pleased with you.
You were not hungry.

You visited 1 branch of the dungeon, and saw 5 of its levels.

You collected 181 gold pieces.

Inventory:

Hand Weapons
 a - a +0 mace (weapon)
Armour
 o - a +0 chain mail (worn)
 p - a +0 pair of gloves (worn)
Jewellery
 m - a +2 ring of intelligence (left hand)
Scrolls
 d - a scroll of teleportation {unknown}
 g - 5 scrolls of identify
 i - 4 scrolls of remove curse
 j - a scroll of recharging {unknown}
 k - a scroll of random uselessness {unknown}
Potions
 e - a potion of curing {unknown}
 f - 3 potions of berserk rage
 l - 2 potions of heal wounds {unknown}
 n - 2 potions of flight {unknown}
Comestibles
 c - 4 bread rations
 h - a meat ration


   Skills:
 - Level 8.3 Fighting
 + Level 11.0 Maces & Flails
 - Level 2.4 Armour
 - Level 2.1 Dodging


You had 7 spell levels left.
You didn't know any spells.

Dungeon Overview and Level Annotations

Branches:
Dungeon (5/15)
 Temple: D:4-7

Altars:
Fedhas
Pakellas
Xom
Yredelemnul

Shops:
D:5 ?


Innate Abilities, Weirdness & Mutations

You reflexively headbutt those who attack you in melee.
You have a pair of horns on your head.


Message History

You hit the ogre.
The ogre is lightly wounded.
The ogre hits you with a giant club!!
You hit the ogre but do no damage.
The ogre is lightly wounded.
You sock the ogre!
The ogre is moderately wounded.
The ogre hits you with a giant club!!
You hit the ogre.
The ogre is heavily wounded.
The ogre hits you with a giant club!!
* * * LOW HITPOINT WARNING * * *
You are too injured to fight recklessly!
You hit the ogre but do no damage. You headbutt the ogre!
The ogre is severely wounded.
You hit the ogre but do no damage.
You headbutt the ogre, but do no damage.
The ogre is severely wounded.
The ogre hits you with a giant club!!
You die...

# #. #..##.####
#.##.##..##.....
.............###
........∩.......
.#...((.###.###
........(###.#
#.....(......#
#.........O..#
#.........@(###.##.#
##...........).....#
##...?..###########
####...# #####


You could see an ogre.

Vanquished Creatures
  The ghost of kay3 the Shooter, an amateur DEAM (D:4)
  Menkaure (D:4)
  2 phantoms
  2 ogres (D:4)
  2 centaurs (D:5)
  A scorpion (D:3)
  4 hounds
  A centaur skeleton (D:4)
  2 orc priests (D:4)
  3 worker ants
  An iguana (D:4)
  7 orc wizards
  A hound skeleton (D:4)
  4 gnolls (D:3)
  5 adders
  An ooze (D:1)
  2 worms
  4 dart slugs
  8 giant geckos
  18 orcs
  A giant cockroach (D:2)
  12 goblins
  8 hobgoblins
  5 jackals
  8 kobolds
  3 quokkas
  8 bats
  A giant gecko skeleton (D:4)
  7 giant newts
  A rat (D:1)
  A spectral orc (D:3)
125 creatures vanquished.

Vanquished Creatures (others)
  Edmund (D:4)
  An adder (D:4)
  A worm (D:4)
  A giant gecko (D:4)
  A quokka (D:4)
5 creatures vanquished.

Grand Total: 130 creatures vanquished

Notes
Turn   | Place    | Note
--------------------------------------------------------------
     0 | D:1      | Kenran the Minotaur Berserker began the quest for the Orb.
     0 | D:1      | Reached XP level 1. HP: 19/19 MP: 0/0
    48 | D:1      | Reached skill level 4 in Maces & Flails
   240 | D:1      | Reached XP level 2. HP: 25/26 MP: 1/1
   338 | D:1      | You fall through a shaft!
   556 | D:1      | Reached skill level 5 in Maces & Flails
   640 | D:1      | Reached XP level 3. HP: 31/31 MP: 2/2
  1088 | D:2      | Reached ** piety under Trog
  1539 | D:3      | Reached XP level 4. HP: 32/39 MP: 3/3
  1576 | D:3      | Reached skill level 6 in Maces & Flails
  2176 | D:3      | Reached XP level 5. HP: 43/45 MP: 4/4
  2185 | D:3      | Reached skill level 7 in Maces & Flails
  2379 | D:3      | Found a basalt altar of Yredelemnul.
  2628 | D:3      | Reached skill level 8 in Maces & Flails
  2873 | D:3      | Reached XP level 6. HP: 51/51 MP: 5/5
  3059 | D:4      | Reached *** piety under Trog
  3080 | D:4      | Reached skill level 9 in Maces & Flails
  3472 | D:4      | Reached XP level 7. HP: 56/57 MP: 6/6
  3487 | D:4      | Killed Edmund
  3675 | D:4      | Reached skill level 10 in Maces & Flails
  3683 | D:4      | Noticed Menkaure
  3692 | D:4      | Killed Menkaure
  3692 | D:4      | Reached skill level 5 in Fighting
  3899 | D:4      | Noticed kay3's ghost (amateur DEAM)
  3908 | D:4      | Killed kay3's ghost
  4210 | D:4      | Found a blossoming altar of Fedhas.
  4212 | D:4      | Found an oddly glowing altar of Pakellas.
  4262 | D:4      | Reached XP level 8. HP: 70/73 MP: 7/7
  4869 | D:4      | Found a shimmering altar of Xom.
  5052 | D:5      | Entered Level 5 of the Dungeon
  5217 | D:5      | Found Vaokozen's Magic Scroll Emporium.
  5230 | D:5      | Reached **** piety under Trog
  5248 | D:5      | Reached skill level 11 in Maces & Flails
  5313 | D:5      | Mangled by an ogre

Skill      XL: |  1  2  3  4  5  6  7  8 |
---------------+-------------------------+-----
Maces & Flails | 4 5 6 8 9 10 11 | 11.0
Fighting       | 7 8 |  8.3
Armour         | |  2.4
Dodging        | |  2.1

Action                   |  1- 3 |  4- 6 |  7- 9 || total
-------------------------+-------+-------+-------++-------
Melee: Mace              |    75 |   139 |   153 ||   367
       Headbutt          |    12 |    31 |    26 ||    69
Invok: Berserk           |       |       |     2 ||     2
       Trog's Hand       |       |       |     1 ||     1
  Use: Potion            |       |     3 |       ||     3
       Scroll            |       |     5 |       ||     5
  Eat: Chunk             |     2 |     6 |     9 ||    17
Armor: Ring mail         |    20 |    55 |    38 ||   113
       Chain mail        |       |       |    24 ||    24
Dodge: Dodged            |    46 |    96 |    55 ||   197
